 Dungeon Crawl Stone Soup version 0.19.1 (webtiles) character file.

91 Dfrag the Conjurer (level 4, -3/36 HPs)
             Began as a Naga Conjurer on Nov 30, 2016.
             Was an Initiate of Vehumet.
             Slain by a goblin
             ... wielding a +0 dagger
             ... led by Robin
              (5 damage)
             ... on level 2 of the Dungeon.
             The game lasted 00:02:39 (1287 turns).

Dfrag the Conjurer (Naga Conjurer)                  Turns: 1287, Time: 00:02:39

Health: -3/36      AC:  3    Str: 10    XL:     4   Next: 57%
Magic:  5/9        EV: 10    Int: 17    God:    Vehumet [......]
Gold:   102        SH:  0    Dex: 11    Spells: 2 memorised, 7 levels left

rFire  . . .     SeeInvis +     (no weapon)
rCold  . . .     Gourm    .     a - +0 robe
rNeg   . . .     Faith    .     (no shield)
rPois  +         Spirit   .     g - +0 helmet
rElec  .         Reflect  .     (no cloak)
rCorr  .         Harm     .     (no gloves)
MR     .....                    (no barding)
Stlth  ++........               (no amulet)
                                (no ring)
                                (no ring)

@: flying, very slow
A: see invisible, deformed body, poison resistance, slowness 2, slow metabolism
1, spit poison 1, AC +1
a: Spit Poison, Renounce Religion


You were on level 2 of the Dungeon.
You worshipped Vehumet.
Vehumet was noncommittal.
You were not hungry.

You visited 1 branch of the dungeon, and saw 2 of its levels.

You collected 102 gold pieces.

Inventory:

Armour
 a - a +0 robe (worn)
 g - a +0 helmet (worn)
Jewellery
 o - an uncursed ring of protection from cold {unknown}
Scrolls
 d - a scroll of fear {unknown}
 e - a scroll of enchant weapon {unknown}
 f - a scroll of remove curse {unknown}
 i - a scroll of magic mapping {unknown}
 l - 2 scrolls of noise {unknown}
 m - a scroll of amnesia {unknown}
 n - 2 scrolls of identify {unknown}
 q - a scroll of teleportation {unknown}
 s - a scroll of immolation {unknown}
Potions
 j - 2 potions of might {unknown}
 k - a potion of berserk rage {unknown}
 p - a potion of degeneration {unknown}
Books
 b - a book of Conjurations

   Spells                             Type                      Level
   a - Magic Dart                     Conjuration                  1
   b - Searing Ray                    Conjuration                  2
   c - Dazzling Spray                 Conjuration/Hexes            3
   d - Fulminant Prism                Conjuration/Hexes            4
   e - Iskenderun's Mystic Blast      Conjuration                  4
   f - Iskenderun's Battlesphere      Conjuration/Charms           5
Comestibles
 c - 2 bread rations
 r - a chunk of flesh


   Skills:
 - Level 1.5 Dodging
 - Level 3.0 Stealth
 * Level 3.5 Spellcasting
 + Level 4.8 Conjurations


You had 7 spell levels left.
You knew the following spells:

 Your Spells              Type           Power        Failure   Level  Hunger
a - Magic Dart            Conj           ###.         2%          1    None
b - Searing Ray           Conj           ###...       3%          2    ##.....


Dungeon Overview and Level Annotations

Branches:
Dungeon (2/15)

Altars:
Vehumet

Annotations:
D:2 Robin


Innate Abilities, Weirdness & Mutations

You cannot wear boots.
Your serpentine skin is tough. (AC +1)
You have supernaturally acute eyesight. (SInv)
Armour fits poorly on your strangely shaped body.
Your system is resistant to poisons. (rPois)
You cover ground very slowly.
You have a slow metabolism.
You can spit poison.


Message History

The searing ray hits the gnoll.
The gnoll is moderately wounded.
The gnoll hits you with a flail!
* * * LOW HITPOINT WARNING * * *
The goblin unwields an uncursed hunting sling.
The goblin wields an uncursed dagger.
The goblin hits you with an uncursed dagger.
* * * LOW HITPOINT WARNING * * *
The searing ray hits the gnoll.
The gnoll is heavily wounded.
The gnoll hits you but does no damage. The goblin barely misses you.
Robin throws the goblin at you! 2 goblins come into view.
Unknown command.
It was a potion of flight.
You feel very buoyant.
You fly up into the air.
The goblin closely misses you.
The goblin moves out of view.
The goblin hits you with an uncursed dagger.
You die...

#..#...#..............#
#.###.###...........#.#
#..#...#...####'#..##.#
#...._.....####.#..##.#
#..#...#.....##.#..####
#.###.###..............
#..#...#...........###.
#....gg...##.......# #.
#####.@#####.......# #.
##g# #.......# #. #g#
#.......# #. #####g###
#.......###. #...gg..#
###.........
#.....g.#####.........
#.....g...............
#....g.............)..
#########(................


You could see Robin, 4 gnolls and 5 goblins.

Vanquished Creatures
  Ijyb (D:2)
  3 adders
  A dart slug (D:1)
  A worm (D:2)
  3 giant cockroaches (D:2)
  A goblin (D:1)
  4 hobgoblins
  2 quokkas (D:2)
  5 bats
  2 frilled lizards (D:2)
  4 kobolds
  7 rats
34 creatures vanquished.

Notes
Turn   | Place    | Note
-------+----------+-------------------------------------------
     0 | D:1      | Dfrag the Naga Conjurer began the quest for the Orb.
     0 | D:1      | Reached XP level 1. HP: 15/15 MP: 3/3
   116 | D:1      | Reached XP level 2. HP: 17/22 MP: 1/5
   165 | D:1      | Learned a level 2 spell: Searing Ray
   694 | D:2      | Reached XP level 3. HP: 28/28 MP: 7/7
   814 | D:2      | Noticed Ijyb
   819 | D:2      | Killed Ijyb
   819 | D:2      | Reached XP level 4. HP: 28/36 MP: 2/9
  1214 | D:2      | Found a radiant altar of Vehumet.
  1224 | D:2      | Became a worshipper of Vehumet
  1265 | D:2      | Noticed Robin
  1287 | D:2      | Slain by a goblin

Skill      XL: |  1  2  3 |
---------------+----------+-----
Spellcasting   | 3 |  3.5
Dodging        | |  1.5
Stealth        | |  3.0
Conjurations   | |  4.8

Action                   |  1- 3 |  4- 6 || total
-------------------------+-------+-------++-------
Melee: Unarmed           |     3 |       ||     3
 Cast: Magic Dart        |    26 |     9 ||    35
       Searing Ray       |     1 |     1 ||     2
 Abil: Spit Poison       |    15 |     7 ||    22
  Use: Potion            |       |     1 ||     1
  Eat: Chunk             |       |     2 ||     2
Armor: Robe              |     3 |     4 ||     7
Dodge: Dodged            |     7 |    10 ||    17
